 Dungeon Crawl Stone Soup version 0.29-a0-322-g68df515428 (webtiles) character file.

Game seed: 4781671757723180361

73 kae the Firebug (level 4, 0/25 HPs)
             Began as a Tengu Fire Elementalist on Apr 5, 2022.
             Succumbed to an adder's poison
             ... on level 3 of the Dungeon.
             The game lasted 00:01:07 (2658 turns).

kae the Firebug (Tengu Fire Elementalist)           Turns: 2658, Time: 00:01:08

Health: 0/25       AC:  8    Str:  8    XL:     4   Next: 27%
Magic:  8/8        EV:  8    Int: 17    God:
Gold:   190        SH:  0    Dex: 15    Spells: 6/7 levels left

rFire   . . .      SeeInvis .   h - +0 mace
rCold   + . .      Faith    .   (no shield)
rNeg    . . .      Spirit   .   j - +2 scale mail {rC+}
rPois   .          Reflect  .   (helmet restricted)
rElec   .          Harm     .   (no cloak)
rCorr   +          Rampage  .   (no gloves)
Will    .....                   (boots unavailable)
Stlth   +.........              (no amulet)
HPRegen 0.08/turn               d - ring of resist corrosion
MPRegen 0.11/turn               (no ring)

@: mighty, lethally poisoned (0 -> -3)
A: beak, talons 3
a: no special abilities


You were on level 3 of the Dungeon.
You visited 1 branch of the dungeon, and saw 3 of its levels.

You collected 190 gold pieces.

Inventory:

Hand Weapons
 h - a +0 mace (weapon)
Armour
 a - a +0 robe
 j - a +2 scale mail of cold resistance (worn)
Jewellery
 d - a ring of resist corrosion (left hand)
Scrolls
 k - 3 scrolls of enchant weapon {unknown}
 l - a scroll of holy word {unknown}
 m - a scroll of identify {unknown}
 n - 2 scrolls of brand weapon {unknown}
Potions
 b - a potion of magic
 c - a potion of might
 e - 2 potions of cancellation {unknown}
 f - 2 potions of ambrosia {unknown}
 g - a potion of invisibility {unknown}
 i - a potion of mutation {unknown}
 o - a potion of curing {unknown}


   Skills:
 + Level 1.0 Fighting
 + Level 1.3 Armour
 + Level 2.7 Dodging
 - Level 2.0 Stealth
 + Level 2.3 Spellcasting
 + Level 2.3 Conjurations
 * Level 4.0 Fire Magic


You had 6 spell levels left.
You knew the following spells:

 Your Spells              Type           Power      Damage    Failure   Level
a - Foxfire               Conj/Fire      48%        2x1d6     45%         1

Your spell library contained the following spells:

 Spells                   Type           Power      Damage    Failure   Level
 Scorch                   Fire           30%        2d7       47%         2
 Conjure Flame            Conj/Fire      12%        6-21      83%         3
 Inner Flame              Hex/Fire       8%         N/A       94%         3
 Gell's Gravitas          Tloc           1%         N/A       99%         3
 Lesser Beckoning         Tloc           1%         N/A       99%         3
 Summon Guardian Golem    Hex/Summ       1%         N/A       99%         3
 Teleport Other           Tloc           1%         N/A       99%         3
 Flame Wave               Conj/Fire      12%        2d6       99%         4
 Orb of Destruction       Conj           5%         9d5       100%        7
 Spellforged Servitor     Conj/Summ      3%         N/A       100%        7


Dungeon Overview and Level Annotations

Branches:
Dungeon (3/15)

Altars:


Innate Abilities, Weirdness & Mutations

You have a beak for a mouth.
You have claws for feet.


Message History

You are too injured to fight recklessly!
You are too injured to fight recklessly!
You are too injured to fight recklessly!
You hit the adder.
You kill the adder!
You feel sick. The adder bites you but does no damage.
Your Fighting skill increases to level 1!
Your Fire Magic skill increases to level 4!
You have reached level 4!
You feel agile.
You closely miss the adder.
You feel sick.
The adder bites you but does no damage. x2
You hit the adder. Your kick misses the adder. Your peck misses the adder.
The adder is moderately wounded.
You feel sick.
You are no longer poisoned.
The adder bites you but does no damage. The adder barely misses you.
You miss the adder. You claw the adder. Your peck misses the adder.
The adder is severely wounded.
The adder bites you but does no damage. x2
You miss the adder. Your peck misses the adder.
The adder is severely wounded.
The adder bites you.
You hit the adder but do no damage. You claw the adder.
The adder is almost dead.
The adder bites you.
* * * LOW HITPOINT WARNING * * *
You are lethally poisoned!
The adder poisons you! The adder bites you but does no damage.
You closely miss the adder. You claw the adder.
You kill the adder!
* * * LOW HITPOINT WARNING * * *
You feel very sick.
You hit the kobold.
You kill the kobold!
* * * LOW HITPOINT WARNING * * *
You feel sick.
It was a potion of might.
You feel very mighty all of a sudden.
You die...

..........##.######
#......<..##†.#
.......##.###>#
..###.###.# #.# #.
#...##.## #
#.......# #...##..#
######..####
........@).# #####
######..##.#......
.....##........
##...#........?.
#..###......... #.#
.#........ #.
.##........ #. ##
#.#.##### ....#


There were no monsters in sight!

Vanquished Creatures
  4 adders
  A worm (D:2)
  3 dart slugs
  2 endoplasms
  A giant cockroach (D:2)
  2 hobgoblins (D:1)
  A quokka (D:1)
  4 ball pythons
  5 bats
  4 frilled lizards
  4 kobolds
  3 rats
34 creatures vanquished.

Vanquished Creatures (others)
  74 foxfires
74 creatures vanquished.

Grand Total: 108 creatures vanquished

Notes
Turn   | Place    | Note
-------+----------+-------------------------------------------
     0 | D:1      | kae the Tengu Fire Elementalist began the quest for the
                  | Orb.
     0 | D:1      | Reached XP level 1. HP: 10/10 MP: 4/4
   372 | D:1      | Reached XP level 2. HP: 11/15 MP: 3/6
  1357 | D:2      | Reached XP level 3. HP: 16/20 MP: 5/7
  1937 | D:2      | Reached skill level 1 in Armour
  2651 | D:3      | Reached skill level 1 in Fighting
  2651 | D:3      | Reached skill level 4 in Fire Magic
  2651 | D:3      | Reached XP level 4. HP: 13/25 MP: 8/8
  2657 | D:3      | HP: 1/25 [poisoned by an adder]
  2658 | D:3      | Succumbed to an adder's poison

Illustrated notes

Levels and vault maps discovered:
D:1:      zaba_arrival_water, layout_basic, fountainhead
D:2:      layout_basic
D:3:      layout_loops_ring, hellmonk_ecumenical_altar_zigzags

Skill      XL: |  1  2  3 |
---------------+----------+-----
Conjurations   | 2 |  2.3
Armour         | 1 |  1.3
Fighting       | 1 |  1.0
Fire Magic     | 4 |  4.0
Dodging        | |  2.7
Stealth        | |  2.0
Spellcasting   | |  2.3

Action                   |  1- 3 |  4- 6 || total
-------------------------+-------+-------++-------
Melee: Unarmed           |     2 |       ||     2
       Mace              |    37 |     7 ||    44
       Kick              |    12 |     3 ||    15
       Peck              |     7 |       ||     7
 Cast: Foxfire           |    49 |       ||    49
  Use: Scroll            |     1 |       ||     1
       Potion            |       |     1 ||     1
 Stab: Sleeping          |     2 |       ||     2
Armor: Robe              |     8 |       ||     8
       Scale mail        |    24 |     6 ||    30
Dodge: Dodged            |    37 |     1 ||    38

Table legend: (Time is in decaauts)
 A = Elapsed time spent in this place.
 B = Non-inter-level travel time spent in this place.
 C = Inter-level travel time spent in this place.
 D = Time resting spent in this place.
 E = Time spent auto-exploring this place.
 F = Levels seen in this place.
 G = Mean time per level.
                   A        B        C        D        E       F      G
               +--------+--------+--------+--------+--------+-----+--------+
         Total |   2687 |   2363 |    324 |     23 |   2040 |   3 |  895.7 |
       Dungeon |   2687 |   2363 |    324 |     23 |   2040 |   3 |  895.7 |
               +--------+--------+--------+--------+--------+-----+--------+

Top non-repeatable levels by time:
     D:1: 1505 daAuts
     D:2: 1115 daAuts
     D:3: 66 daAuts
